 Dungeon Crawl Stone Soup version 0.29.0-10-g45618ea6d2 (webtiles) character file.

Game seed: 3782788556068463755

63382 Arum the Thaumaturge (level 14, -7/93 HPs)
             Began as a Pale Draconian Conjurer on Sept 1, 2022.
             Was a High Priest of Vehumet.
             Shot with an arrow by something (17 damage)
             ... on level 5 of the Lair of Beasts.
             The game lasted 01:18:44 (20918 turns).

Arum the Thaumaturge (Pale Draconian Conjurer)     Turns: 20918, Time: 01:18:45

Health: -7/93      AC: 16    Str: 10    XL:     14   Next: 67%
Magic:  27/32      EV: 12    Int: 22    God:    Vehumet [*****.]
Gold:   837        SH:  0    Dex: 11    Spells: 7/42 levels left

rFire   + . .      SeeInvis .   I - staff of fire
rCold   + . .      Faith    .   (no shield)
rNeg    . . .      Spirit   .   (body armour unavailable)
rPois   .          Reflect  .   (helmet restricted)
rElec   .          Harm     .   A - +1 cloak
rCorr   .          Rampage  .   o - +0 pair of gloves
Will    +....                   q - +0 pair of boots
Stlth   ++........              d - amulet of magic regeneration
HPRegen 0.25/turn               F - ring of protection from cold
MPRegen 0.63/turn               i - +4 ring of protection

@: no status effects
A: breathe steam, AC +8, unfitting armour, cold-blooded, steam resistance
a: Breathe Steam, Renounce Religion


You were on level 5 of the Lair of Beasts.
You worshipped Vehumet.
Vehumet was extremely pleased with you.
You visited 3 branches of the dungeon, and saw 19 of its levels.
You also visited: Sewer, Ossuary and Bailey.

You collected 1394 gold pieces.
You spent 557 gold pieces at shops.

Inventory:

Hand Weapons
 f - the +2 dagger of Nemelex Xobeh {pain, *Rage rPois rF+++ Will+}
   (You found it on level 7 of the Dungeon)

   In the hands of one skilled in necromantic magic, it inflicts extra damage on
   living creatures.
   rF:        It renders you almost immune to fire.
   rPois:     It protects you from poison.
   *Rage:     It berserks you when you make melee attacks (+20% chance).
   Will:      It increases your willpower.
 O - a +1 club of chaos
Missiles
 N - a throwing net
 Y - 15 javelins
Armour
 o - a +0 pair of gloves (worn)
 q - a +0 pair of boots (worn)
 A - a +1 cloak (worn)
Magical Staves
 e - a staff of air
 I - a staff of fire (weapon)
 Q - a staff of cold
Jewellery
 d - an amulet of magic regeneration (around neck)
 i - a +4 ring of protection (right hand)
 u - an amulet of regeneration
 B - a ring of protection from fire
 F - a ring of protection from cold (left hand)
 R - a ring of resist corrosion
 X - a ring of positive energy
Wands
 b - a wand of acid (13)
 n - a wand of paralysis (26)
 v - a wand of flame (48)
 z - a wand of roots (19)
 U - a wand of polymorph (3)
 W - a wand of mindburst (1)
Scrolls
 c - 7 scrolls of teleportation
 l - 4 scrolls of butterflies
 r - 2 scrolls of vulnerability
 t - 2 scrolls of amnesia
 x - 6 scrolls of magic mapping
 D - 3 scrolls of noise
 E - 4 scrolls of poison
 L - 5 scrolls of enchant armour
 M - a scroll of silence
 S - 4 scrolls of fear
 T - a scroll of blinking
 V - 5 scrolls of identify
Potions
 a - 4 potions of magic
 g - 9 potions of ambrosia
 j - 3 potions of invisibility
 k - 8 potions of might
 m - 5 potions of haste
 p - 2 potions of flight
 s - 3 potions of heal wounds
 w - 5 potions of resistance
 C - 6 potions of attraction
 G - a potion of mutation
 H - a potion of cancellation
 J - 4 potions of berserk rage
 K - 3 potions of lignification
 P - 3 potions of brilliance
Miscellaneous
 y - a lightning rod (4/4)


   Skills:
 - Level 2.0 Dodging
 - Level 2.0 Stealth
 + Level 14.9 Spellcasting
 + Level 13.3 Conjurations
 * Level 14.6 Fire Magic
 - Level 10.0 Air Magic
 - Level 5.0 Evocations


You had 7 spell levels left.
You knew the following spells:

 Your Spells              Type           Power      Damage    Failure   Level
a - Magic Dart            Conj           100%       1d8       0%          1
b - Searing Ray           Conj           100%       2d8       0%          2
c - Fulminant Prism       Conj/Hex       22%        3d13      1%          4
d - Freezing Cloud        Conj/Ice/Air   25%        6-21      1%          5
e - Lightning Bolt        Conj/Air       30%        1d47      1%          5
f - Fireball              Conj/Fire      43%        3d17      1%          5
g - Stone Arrow           Conj/Erth      90%        3d12      1%          3
h - Airstrike             Air            28%        2d(5-21)  1%          4
i - Starburst             Conj/Fire      43%        6d12      1%          6

Your spell library contained the following spells:

 Spells                   Type           Power      Damage    Failure   Level
 Sandblast                Erth           32%        2d9       1%          1
 Poisonous Vapours        Pois/Air       76%        N/A       1%          2
 Dazzling Flash           Conj/Hex       90%        N/A       1%          3
 Iskenderun's Mystic Bla  Conj/Tloc      45%        2d10      1%          4
 Irradiate                Conj/Tmut      22%        3d19      1%          5
 Sting                    Tmut/Pois      64%        1d6       3%          1
 Summon Lightning Spire   Summ/Air       38%        N/A       4%          4
 Passwall                 Tmut/Erth      13%        N/A       5%          2
 Sublimation of Blood     Necr           16%        N/A       5%          2
 Corpse Rot               Necr/Pois/Air  31%        N/A       10%         4
 Confusing Touch          Hex            16%        N/A       11%         3
 Olgreb's Toxic Radiance  Pois           16%        N/A       11%         4
 Silence                  Hex/Air        19%        N/A       13%         5
 Yara's Violent Unravell  Hex/Tmut       8%         3d5       26%         5
 Petrify                  Tmut/Erth      16%        N/A       36%         4
 Agony                    Necr           16%        N/A       71%         5
 Simulacrum               Ice/Necr       8%         N/A       99%         6
 Enfeeble                 Hex            8%         N/A       100%        7
 Fire Storm               Conj/Fire      43%        8d11      94%         9
 Polar Vortex             Ice            8%         N/A       100%        9


Dungeon Overview and Level Annotations

Branches:
Dungeon (13/15)            Temple (1/1) D:7            Lair (5/5) D:8
  Swamp (0/4) Lair:3       Spider (0/4) Lair:3        Slime (0/5) Lair:4
    Orc (0/2) D:12          Sewer (visited)         Ossuary (visited)
 Bailey (visited)
 Vaults: D:13-14

Altars:
Ashenzari
Cheibriados
Dithmenos
Elyvilon
Gozag
Hepliaklqana
Kikubaaqudgha
Makhleb
Nemelex Xobeh
Okawaru
Qazlal
Ru
Sif Muna
Trog
Uskayaw
Vehumet
Wu Jian
Xom
Yredelemnul
Zin
The Shining One
Jiyva

Shops:
D:1 !   D:4 :   D:6 *   D:9 [

Annotations:
D:3 2 runed translucent doors, enotiy's ghost, amateur MiFi
D:8 3 runed translucent doors, Nebesus's ghost, novice NaNe
D:9 exclusion: orange crystal statue
Lair:5 Nessos


Innate Abilities, Weirdness & Mutations

You can breathe blasts of scalding, opaque steam.
Your pale cyan-grey scales are hard. (AC +8)
You cannot fit into any form of body armour.
You are cold-blooded and may be slowed by cold attacks.
You are immune to the effects of steam.


Message History

You feel better.
You hear a loud twanging sound.
An arrow appears from out of thin air!
The arrow hits you but does no damage.
You hear a howl!
Casting: Freezing Cloud (dangerous; 1% risk of failure)
Confirm with . or Enter, or press ? or * to list all spells.
Aiming: Freezing Cloud (dangerous; 1% risk of failure)
Press: ? - help, Dir - move target
Okay, then.
Aiming: Mindburst
Press: ? - help, Shift-Dir - straight line Nothing appears to happen.
You hear a loud twanging sound.
An arrow appears from out of thin air!
The arrow hits you! The arrow burns you.
Aiming: Mindburst
Press: ? - help, Shift-Dir - straight line Nothing appears to happen.
You hear a howl!
You hear a loud twanging sound.
An arrow appears from out of thin air!
The arrow hits you!! The arrow burns you.
You are lethally poisoned!
* * * LOW HITPOINT WARNING * * *
You hear a loud twanging sound.
An arrow appears from out of thin air!
The arrow hits you!
* * * LOW HITPOINT WARNING * * *
The arrow burns you.
You are more poisoned.
* * * LOW HITPOINT WARNING * * *
You hear a howl!
Unknown command.
Unknown command.
Unknown command.
Unknown command.
Unknown command.
Unknown command.
Unknown command.
You feel better.
You hear a loud twanging sound.
An arrow appears from out of thin air!
The arrow hits you!
You die...

#### ### ###..##
#.######)....###
##.........†....##
#............@...##
#....##..##.##....#
#P...###.#####..†......
#...#.##..# #....†....
##...##...#
....§§§.........#
##.....P..#
##...§§§..........
#...P.....P#
..!.§§§..........
##..P..#P.##
#.........$!.....
#..##.####
P.......:........


There were no monsters in sight!

Vanquished Creatures
  An orc warlord (Bailey)
  Josephine (Lair:3)
  2 boulder beetles
  6 hydras
  5 two-headed ogres
  A catoblepas (Lair:2)
  20 death yaks
  Urug (Lair:3)
  Sonja (Lair:4)
  Amaemon (D:10)
  Pikel (D:8)
  An orc knight (Bailey)
  2 deep elf pyromancers (D:12)
  3 ugly things
  2 oklob plants
  2 cyclopes
  2 black mambas (Lair:3)
  3 manticores
  An orange demon (D:11)
  3 gargoyles
  11 cane toads
  An unseen horror (D:12)
  3 komodo dragons
  A rime drake (Lair:3)
  A queen bee (Lair:4)
  3 meliai (Lair:4)
  2 trolls
  2 polar bears
  Prince Ribbit (D:5)
  7 blink frogs
  2 tyrant leeches (Lair:3)
  6 dream sheep (Lair:4)
  7 wyverns
  2 shadows (D:10)
  A water elemental (D:12)
  2 spriggans (Lair:3)
  8 wraiths
  44 yaks
  A basilisk (Lair:2)
  A steam dragon (D:7)
  6 vampire mosquitoes
  5 swamp worms (Lair:3)
  A warg (D:12)
  2 acid dragons
  15 water moccasins
  An ice beast (D:6)
  7 orc warriors
  A black bear (Lair:3)
  3 ogres
  28 wolves
  2 centaurs
  A phantom (D:6)
  4 lemures
  8 kobold brigands
  A gnoll sergeant (D:9)
  12 bullfrogs
  9 scorpions
  3 necrophages
  A hornet simulacrum (D:13)
  4 wights (D:8)
  15 killer bees
  6 howler monkeys
  A hound (D:5)
  A human zombie (Ossuary)
  An iron imp (D:5)
  5 jellies
  A gnoll bouda (D:6)
  2 orc priests
  An iguana (D:6)
  Jessica (D:3)
  Ijyb (D:3)
  5 orc wizards
  A hound zombie (Ossuary)
  4 mummies (Ossuary)
  9 adders
  16 gnolls
  A shadow imp (D:6)
  A white imp (D:6)
  An ufetubus (D:6)
  An adder zombie (Ossuary)
  4 worms
  A dart slug (D:1)
  21 orcs
  12 ball pythons
  6 bats
  9 endoplasms
  4 giant cockroaches
  12 goblins
  5 hobgoblins
  7 jackals
  56 kobolds
  4 quokkas
  A frilled lizard (Sewer)
  A gnoll zombie (Ossuary)
  A goblin zombie (Ossuary)
  2 hobgoblin zombies (Ossuary)
  A jackal zombie (Ossuary)
  A kobold zombie (Ossuary)
  2 orc zombies (Ossuary)
  9 rats
  A rat zombie (Ossuary)
  2 bushes (Lair:4)
515 creatures vanquished.

Vanquished Creatures (others)
  A bush (Lair:3)
  62 fulminant prisms
  35 fungi
  74 plants
172 creatures vanquished.

Grand Total: 687 creatures vanquished

Notes
Turn   | Place    | Note
-------+----------+-------------------------------------------
     0 | D:1      | Arum the Draconian Conjurer began the quest for the Orb.
     0 | D:1      | Reached XP level 1. HP: 14/14 MP: 3/3
   276 | D:1      | Reached XP level 2. HP: 20/20 MP: 3/5
   374 | D:1      | Found Ichiof's Distillery.
   378 | D:1      | Bought a potion of degeneration for 10 gold pieces
   378 | D:1      | Bought a potion of curing for 30 gold pieces
   561 | D:2      | Learned a level 2 spell: Searing Ray
   584 | D:2      | Found a faded altar of an unknown god.
   595 | D:2      | Reached XP level 3. HP: 26/26 MP: 2/6
   631 | D:2      | Found a glowing silver altar of Zin.
  1240 | D:3      | Found a runed translucent door.
  1264 | D:3      | Noticed Ijyb
  1267 | D:3      | Paralysed by Ijyb for 3 turns
  1273 | D:3      | Killed Ijyb
  1274 | D:3      | Reached XP level 4. HP: 33/33 MP: 2/8
  1351 | D:3      | Reached skill level 5 in Conjurations
  1376 | D:3      | Noticed Jessica
  1388 | D:3      | Killed Jessica
  1517 | D:3      | Noticed enotiy's ghost (amateur MiFi)
  1544 | D:3      | Found a runed translucent door.
  1734 | D:4      | Reached XP level 5. HP: 38/38 MP: 6/10
  1764 | D:4      | Found a glowing drain.
  1852 | Sewer    | Entered a sewer
  2049 | Sewer    | Reached XP level 6. HP: 34/45 MP: 1/12
  2534 | D:4      | Reached skill level 5 in Spellcasting
  2534 | D:4      | Your scales start taking on a pale cyan-grey colour.
  2534 | D:4      | Reached XP level 7. HP: 50/50 MP: 6/14
  2534 | D:4      | Gained mutation: You are immune to the effects of steam.
                  | [Pale Draconian growth]
  2553 | D:4      | Learned a level 4 spell: Fulminant Prism
  2580 | D:4      | Found Fixt's Book Shoppe.
  3044 | D:5      | Entered Level 5 of the Dungeon
  3122 | D:5      | Noticed Prince Ribbit
  3134 | D:5      | Killed Prince Ribbit
  3173 | D:5      | Reached XP level 8. HP: 48/57 MP: 12/17
  3389 | D:5      | Found an ornate altar of the Wu Jian Council.
  3394 | D:5      | Found a bloodstained altar of Trog.
  3522 | D:5      | Reached skill level 1 in Air Magic
  3805 | D:5      | Found a snail-covered altar of Cheibriados.
  4939 | D:6      | Found Boeh's General Store.
  4942 | D:6      | Bought a scroll of magic mapping for 97 gold pieces
  5034 | D:7      | Found a flagged portal.
  5062 | D:7      | Reached XP level 9. HP: 54/62 MP: 9/21
  5106 | Bailey   | Entered a bailey
  5117 | Bailey   | Learned a level 5 spell: Freezing Cloud
  5123 | Bailey   | Noticed an orc warlord
  5181 | Bailey   | Noticed an orc knight
  5231 | Bailey   | Found a runed translucent gate.
  5232 | Bailey   | Killed an orc knight
  5235 | Bailey   | Found a runed translucent gate.
  5235 | Bailey   | Found a runed translucent gate.
  5623 | Bailey   | Killed an orc warlord
  5624 | Bailey   | Reached skill level 5 in Air Magic
  5668 | Bailey   | Identified the ring of the Inquisitive Quests {EV+4 Str+3}
  5826 | D:7      | Reached XP level 10. HP: 69/69 MP: 22/25
  5983 | D:7      | Identified the +2 dagger of Nemelex Xobeh {pain, *Rage
                  | rPois rF+++ Will+}
  6122 | D:7      | Noticed a two-headed ogre
  6138 | D:7      | Killed a two-headed ogre
  6139 | D:7      | Reached XP level 11. HP: 59/74 MP: 9/26
  6239 | D:7      | Found a staircase to the Ecumenical Temple.
  6252 | Temple   | Entered the Ecumenical Temple
  6322 | Temple   | Became a worshipper of Vehumet
  6701 | D:8      | Found a sand-covered staircase.
  6858 | Ossuary  | Entered an ossuary
  6899 | Ossuary  | Reached * piety under Vehumet
  6899 | Ossuary  | Offered knowledge of Sandblast by Vehumet.
  7245 | D:4      | Bought Dyice's Reference Book on Blows and Bruises for 420
                  | gold pieces
  7363 | D:8      | Noticed Pikel
  7755 | D:8      | Learned a level 1 spell: Sandblast
  7782 | D:8      | Reached skill level 1 in Fire Magic
  7806 | D:8      | Found a staircase to the Lair.
  7904 | D:8      | Killed Pikel
  7905 | D:8      | Reached skill level 10 in Air Magic
  8010 | D:8      | Found a runed translucent gate.
  8010 | D:8      | Found a runed translucent gate.
  8010 | D:8      | Found a runed translucent gate.
  8013 | D:8      | Found an opulent altar of Gozag.
  8013 | D:8      | Noticed Nebesus's ghost (novice NaNe)
  8464 | D:8      | Learned a level 5 spell: Fireball
  8824 | D:9      | Noticed a two-headed ogre
  8848 | D:9      | Killed a two-headed ogre
  8993 | D:9      | Offered knowledge of Static Discharge by Vehumet.
  8995 | D:9      | Reached skill level 10 in Conjurations
  9014 | D:9      | Reached ** piety under Vehumet
  9191 | D:9      | Found Marduk's Dragon-Slaying Spoils.
  9399 | D:9      | Reached skill level 5 in Fire Magic
  9529 | D:9      | Noticed an orange crystal statue
  9827 | D:9      | Found a sparkling altar of Nemelex Xobeh.
  9913 | D:10     | Entered Level 10 of the Dungeon
 10949 | D:10     | Noticed a two-headed ogre
 10952 | D:10     | Killed a two-headed ogre
 11120 | D:10     | Noticed a two-headed ogre
 11133 | D:10     | Killed a two-headed ogre
 11134 | D:10     | Reached XP level 12. HP: 75/81 MP: 24/28
 11324 | D:10     | Offered knowledge of Ignite Poison by Vehumet.
 11400 | D:10     | Found a shimmering altar of Xom.
 11455 | D:10     | Noticed a two-headed ogre
 11463 | D:10     | Killed a two-headed ogre
 11813 | D:10     | Learned a level 3 spell: Stone Arrow
 11882 | D:11     | Noticed Amaemon
 11906 | D:10     | Killed Amaemon
 13350 | D:11     | Learned a level 5 spell: Lightning Bolt
 13355 | D:11     | Learned a level 4 spell: Airstrike
 13489 | D:11     | Reached *** piety under Vehumet
 13796 | D:12     | Found a staircase to the Orcish Mines.
 13989 | D:12     | Offered knowledge of Sticky Flame by Vehumet.
 14000 | D:12     | Noticed a boulder beetle
 14015 | D:12     | Killed a boulder beetle
 14837 | D:13     | Reached skill level 10 in Fire Magic
 14839 | D:13     | Noticed a four-headed hydra
 15013 | D:12     | Reached XP level 13. HP: 38/86 MP: 21/30
 15353 | Lair:1   | Entered Level 1 of the Lair of Beasts
 16104 | Lair:1   | Reached **** piety under Vehumet
 16431 | Lair:2   | Found a stormy altar of Qazlal.
 16442 | Lair:2   | Offered knowledge of Conjure Flame by Vehumet.
 17423 | Lair:3   | Reached skill level 1 in Evocations
 17549 | Lair:3   | Found a staircase to the Swamp.
 17723 | Lair:3   | Reached ***** piety under Vehumet
 18216 | Lair:3   | Offered knowledge of Irradiate by Vehumet.
 18216 | Lair:3   | Noticed Josephine
 18219 | Lair:3   | Killed Josephine
 18236 | Lair:3   | Learned a level 6 spell: Starburst
 18437 | Lair:3   | Noticed Urug
 18443 | Lair:3   | Killed Urug
 18509 | Lair:3   | Found a hole to the Spider Nest.
 18559 | Lair:3   | Reached XP level 14. HP: 93/93 MP: 18/32
 19763 | Lair:4   | Reached skill level 5 in Evocations
 19765 | Lair:4   | Noticed Sonja
 19768 | Lair:4   | Killed Sonja
 20408 | Lair:4   | Found a viscous altar of Jiyva.
 20412 | Lair:4   | Found a staircase to the Slime Pits.
 20663 | Lair:5   | Entered Level 5 of the Lair of Beasts
 20910 | Lair:5   | Noticed Nessos
 20918 | Lair:5   | Shot with an arrow by something

Illustrated notes

Levels and vault maps discovered:
D:1:      enne_arrival_octagon_isle, layout_basic, serial_shops,
          nicolae_shop_trees
D:2:      layout_basic, hellmonk_ecumenical_altar_pennies_from_heaven,
          basic_altar, minmay_tiny_reverse_x
D:3:      layout_rooms, ebering_ghost_sewer_f, serial_glass, glass_columns_b,
          glass_columns_a, glass_columns_a, glass_columns_a, glass_columns_c,
          glass_columns_a, glass_columns_c, glass_columns_b, glass_columns_a,
          glass_columns_b, uniq_jessica, uniq_ijyb
D:4:      layout_loops_ring, gup_sewer_entry_pipe, serial_shops, shop
D:5:      layout_layer_cave, slow_altar_1, minitemple, uniq_prince_ribbit1
D:6:      layout_basic, serial_shops, kennysheep_mini
D:7:      layout_loops_cross, minmay_temple_entry_glassed_door, enter_bailey_5,
          dk_noncrumbling_4, moated_statue
D:8:      layout_loops_ring, lair_entry_dummy, ebering_ghost_gozag,
          enter_ossuary_2, uniq_pikel
D:9:      layout_basic, lemuel_coloured_pillars_altar,
          nicolae_shop_dragon_depot, minivault_16, grunt_ministairs_13
D:10:     layout_loops_ring, tgw_xom, minivault_10, st_stairs_10,
          hangedman_decor_clover_reticule, nicolae_elevator_lobby_plus
D:11:     layout_basic, uniq_amaemon
D:12:     layout_basic, david_orc_1_choice, minmay_misc_feat_encased
D:13:     layout_gridville, david_vaults_1, minivault_14
Temple:   nicolae_temple_bog_church
Lair:1:   layout_regular_city, grunt_megastairs_2, infiniplex_staircase_pool_2
Lair:2:   layout_regular_city, basic_altar, st_stairs_4,
          chequers_serial_rivers_micro_c
Lair:3:   layout_long_grid, minmay_swamp_entry_worms,
          nicolae_spider_entry_non_spiders, forest_entry_grove, uniq_urug,
          uniq_josephine
Lair:4:   layout_gridlike, dpeg_slime_entry_corner, special_room
          [special_room_bee], minmay_lair_oklob_bushes, st_stairs_9,
          serial_bayou_shore_a, uniq_sonja
Lair:5:   grunt_lair_end_beastmaster, layout_regular_city, lemuel_fruit_fields,
          uniq_nessos

Skill      XL: |  1  2  3  4  5  6  7  8  9 10 11 12 13 14 |
---------------+-------------------------------------------+-----
Stealth        | 2 |  2.0
Dodging        | 2 |  2.0
Spellcasting   | 3 4 5 6 8 11 12 13 14 | 14.9
Conjurations   | 5 6 7 8 9 10 11 12 13 | 13.3
Air Magic      | 3 9 10 | 10.0
Fire Magic     | 6 10 12 14 | 14.6
Evocations     | 4 5 |  5.0

Action                   |  1- 3 |  4- 6 |  7- 9 | 10-12 | 13-15 || total
-------------------------+-------+-------+-------+-------+-------++-------
Melee: Staff             |       |    12 |       |     7 |       ||    19
       Tailslap          |       |       |       |     2 |       ||     2
 Cast: Magic Dart        |    95 |    84 |   158 |   125 |    12 ||   474
       Searing Ray       |     2 |    12 |    29 |    14 |     2 ||    59
       Fulminant Prism   |       |       |    10 |    46 |     6 ||    62
       Freezing Cloud    |       |       |       |    48 |    28 ||    76
       Fireball          |       |       |       |    49 |    93 ||   142
       Stone Arrow       |       |       |       |    28 |    62 ||    90
       Airstrike         |       |       |       |    23 |    77 ||   100
       Lightning Bolt    |       |       |       |    11 |    20 ||    31
       Starburst         |       |       |       |       |     2 ||     2
 Abil: Breathe Steam     |       |       |     2 |     1 |       ||     3
Evoke: Wand              |       |       |    10 |     8 |    12 ||    30
  Use: Potion            |       |     2 |     5 |     8 |     6 ||    21
       Scroll            |       |       |    16 |    15 |     1 ||    32
Armor: Skin              |     4 |    26 |    30 |    79 |    46 ||   185
Dodge: Dodged            |     5 |    23 |    38 |   116 |    39 ||   221
